 Dungeon Crawl Stone Soup version 0.30.2 (webtiles) character file.

Game seed: 67680777744993839

39 Rulersjester the Covered (level 3, -2/31 HPs)
             Began as a Demigod Fighter on Feb 23, 2024.
             Slain by a cerulean imp
             ... wielding a +0 spear
             ... summoned by Natasha
              (5 damage)
             ... on level 2 of the Dungeon.
             The game lasted 00:11:23 (326 turns).

Rulersjester the Covered (Demigod Fighter)           Turns: 326, Time: 00:11:23

Health: -2/31      AC:  2    Str: 17    XL:     3   Next: 11%
Magic:  5/5        EV: 10    Int: 10    God:
Gold:   23         SH:  5    Dex: 17    Spells: 2/2 levels left

rFire   . . .        e - +4 hand axe
rCold   . . .        c - +0 buckler
rNeg    . . .        i - +0 robe
rPois   .            (no helmet)
rElec   .            (no cloak)
rCorr   .            (no gloves)
SInv    .            (no boots)
Will    .....        (no amulet)
Stlth   ++           (no ring)
HPRegen 0.25/turn    (no ring)
MPRegen 0.09/turn

%: no passive effects
@: slowed, very slow
A: high MP 1, forlorn, divine attributes
a: no special abilities


You were on level 2 of the Dungeon.
You visited 1 branch of the dungeon, and saw 2 of its levels.

You collected 23 gold pieces.

Inventory:

Hand Weapons
 a - a +0 war axe
 e - a +4 hand axe (weapon)
Armour
 b - a +0 scale mail
 c - a +0 buckler (worn)
 i - a +0 robe (worn)
Potions
 d - a potion of might
 f - a potion of flight {unknown}
 g - a potion of haste


   Skills:
 + Level 3.0 Fighting
 + Level 2.1 Axes
 + Level 3.1 Armour
 + Level 3.1 Shields


You had 2 spell levels left.
You didn't know any spells.
Your spell library was empty.

Dungeon Overview and Level Annotations

Branches:
Dungeon (2/15)

Shops:
D:1 !

Annotations:
D:2 Natasha


Innate Abilities, Weirdness & Mutations

You have an increased reservoir of magic. (+10% MP)
You shall have no god before yourself.
Your divine heritage dramatically boosts your attributes as you level up.


Message History

You slash the endoplasm!
You kill the endoplasm!
Found a viscous cyan potion.
Found a ring mail.
f - a viscous cyan potion It was a potion of heal wounds.
You feel much better.
You see here a +0 ring mail.
Found a stone staircase leading down.
You now have 23 gold pieces (gained 7).
Natasha, Servant of Life and Death comes into view.
Natasha hisses angrily.
Natasha casts a spell at you.
You feel yourself slow down.
You barely miss Natasha. Natasha casts a spell at you. The magic dart hits you!
Natasha completely misses you.
You hit Natasha.
Natasha is moderately wounded.
Natasha misses you.
Natasha stares at you and mumbles some strange words.
You feel as though you will be slow longer.
Natasha mumbles some strange words.
Natasha casts a spell.
You completely miss Natasha.
Natasha is moderately wounded.
Natasha claws you. The cerulean imp barely misses you. x2
You hit Natasha.
Natasha is severely wounded.
Natasha closely misses you. You block the cerulean imp's attack.
The cerulean imp hits you from afar with a +0 spear.
Natasha claws you but does no damage. You block the cerulean imp's attack.
The cerulean imp hits you from afar with a +0 spear.
You hit Natasha.
Natasha is almost dead.
You block Natasha's attack. You block the cerulean imp's attack.
The cerulean imp misses you. Natasha casts a spell at you.
The magic dart hits you!
* * * LOW HITPOINT WARNING * * *
The cerulean imp hits you from afar with a +0 spear.
You die...

### .. #.
######.#######
........5.h.5####
.......>.@.....#
##.....###.##.#
##.#.#.###.#
#..........#
#......##..# #
#..###.##[.##.#
#. #........# #
.###.##..####
.........#


You could see Natasha and 2 cerulean imps.

Vanquished Creatures
  Jessica (D:2)
  A ball python (D:1)
  3 endoplasms
  2 goblins (D:1)
  A hobgoblin (D:1)
  3 kobolds
  A rat (D:1)
12 creatures vanquished.

Notes
Turn   | Place    | Note
-------+----------+-------------------------------------------
     0 | D:1      | Rulersjester the Demigod Fighter began the quest for the
                  | Orb.
     0 | D:1      | Reached XP level 1. HP: 18/18 MP: 3/3
     2 | D:1      | Found Osimuad's Distillery.
   112 | D:1      | Reached XP level 2. HP: 23/25 MP: 4/4
   259 | D:2      | Noticed Jessica
   267 | D:2      | Killed Jessica
   268 | D:2      | Reached XP level 3. HP: 31/31 MP: 5/5
   317 | D:2      | Noticed Natasha
   326 | D:2      | Slain by a cerulean imp

Illustrated notes

Levels and vault maps discovered:
D:1:      shiori_shiawase, layout_rooms, serial_shops, shop,
          nicolae_shop_hallway_stairs, shop, shop
D:2:      layout_loops_ring, uniq_jessica, uniq_natasha

Skill      XL: |  1  2 |
---------------+-------+-----
Fighting       | 3 |  3.0
Axes           | 2 |  2.1
Armour         | 3 |  3.1
Shields        | 3 |  3.1

Action                     || total
---------------------------++-------
  Melee: Hand axe          ||    26
         War axe           ||     7
    Use: Scroll            ||     1
         Potion            ||     1
 Armour: Scale mail        ||    17
         Robe              ||     1
  Dodge: Dodged            ||    13
  Block: Buckler           ||    12
